AoeStats
← Alkaersig

Arena

510868010Analyzed
1v1 RM · 23h ago on Oct 2, 2026· 31m 24s· 2 players
Game mode
Random Map
Map size
Tiny (2 player)
Population
200
Speed
Normal
Resources
Standard
Victory
Conquest
Starting age
Dark Age
Ending age
Imperial Age
RankedLock teamsTeams togetherTeam positionsShared explorationLock speedFull tech treeHidden civsTurbo modeCheats
Victory
Defeat
🇩🇪 Portuguese · Germany
1197
+17
🇩🇰 Koreans · Denmark
1208
-17
MooseMooch
10:47 Feudal Age
14:29 Castle Age
12:25 Double-Bit Axe
12:48 Horse Collar
22:25 Loom
28:07 Atonement
31:08 Elite Skirmisher
34:28 Imperial Age
32:36 Wheelbarrow
Alkaersig
10:19 Feudal Age
14:20 Castle Age
12:54 Loom
15:18 Double-Bit Axe
Connection lost

Rejoining the realm…

Still unreachable

The connection could not be restored.

Session expired

The server has moved on; the page needs a fresh start.